 Dungeon Crawl Stone Soup version 0.31-a0-187-gba352fbbf7 (webtiles) character file.

Game seed: 10903562836148738697

415440 freelancePsychic the Stormcaller (level 22, -9/184 HPs)
             Began as a Demonspawn Air Elementalist on June 15, 2023.
             Was a High Priest of Sif Muna.
             Killed from afar by a frost giant (23 damage)
             ... with a bolt of cold
             ... while paralysed by a floating eye
             ... on level 1 of the Depths on June 22, 2023.
             The game lasted 02:11:50 (73033 turns).

freelancePsychic the Stormcaller (DsAE)            Turns: 73033, Time: 02:11:51

Health: -9/184     AC: 25    Str:  9    XL:     22   Next: 23%
Magic:  34/34      EV:  2    Int: 26    God:    Sif Muna [*****.]
Gold:   2961       SH:  0    Dex: 22    Spells: 12/37 levels left

rFire   + . .        g - melded staff of air {!a}
rCold   . . .        O - melded +3 buckler
rNeg    . . .        G - melded +1 robe {Archmagi}
rPois   ∞            (helmet unavailable)
rElec   +            a - melded +3 cloak of the Furrier {*Slow Str+3 Int+5}
rCorr   .            (gloves unavailable)
SInv    .            (boots unavailable)
Will    ++...        S - amulet of Vitality {RegenMP++ Regen++}
Stlth   +++          M - ring of Lanaru {Will+ EV+5 Dex+4}
HPRegen 2.10/turn    P - ring of Qogua {rPois rF+ Dex+3}
MPRegen 1.04/turn

%: no passive effects
@: paralysed, mighty, storm-form, flying, studying 2 skills, unable to drink
A: cleaving, insubstantial, flying, (claws 3), (hooves 3), (horns 3), demonic
guardian 3, powered by pain 2, augmentation 1, inability to drink after injury 1
}: 3/15 runes: barnacled, silver, gossamer
a: Blinkbolt, End Transformation, Renounce Religion, Channel Magic, Forget
Spell, Divine Exegesis


You were on level 1 of the Depths.
You worshipped Sif Muna.
Sif Muna was extremely pleased with you.
You were a lightning-filled tempest!
You visited 9 branches of the dungeon, and saw 40 of its levels.
You also visited: Ice Cave and Desolation.

You collected 5438 gold pieces.
You spent 2477 gold pieces at shops.

Inventory:

Missiles
 E - 8 throwing nets
 Z - 6 poisoned darts
Armour
 a - the +3 cloak of the Furrier (melded) {*Slow Str+3 Int+5}
   (You bought it in a shop on level 3 of the Shoals)

   Str:       It affects your strength (+3).
   Int:       It affects your intelligence (+5).
   *Slow:     It may slow you when you take damage.
 v - +0 steam dragon scales
 G - a +1 robe of the Archmagi (melded)
 O - a +3 buckler (melded)
 W - a +2 pair of boots
Magical Staves
 g - a staff of air (melded) {!a}
Jewellery
 o - the ring "Eddipo" {Int+4 Slay+4}
   (You found it in the Desolation of Salt)

   [ring of slaying]

   Int:       It affects your intelligence (+4).
   Slay:      It affects your accuracy & damage with ranged weapons and melee
   (+4).
 z - the amulet of the Four Winds {rN+ Will+++ Clar}
   (You took it off a deep elf sorcerer on level 3 of the Elven Halls)

   [amulet of nothing]

   rN:        It protects you from negative energy.
   Clar:      It protects you from confusion, rage, mesmerisation and fear.
   Will:      It greatly increases your willpower.
 M - the ring of Lanaru (left fist) {Will+ EV+5 Dex+4}
   (You found it in the Desolation of Salt)

   [ring of evasion]

   EV:        It affects your evasion (+5).
   Dex:       It affects your dexterity (+4).
   Will:      It increases your willpower.
 P - the ring of Qogua (right fist) {rPois rF+ Dex+3}
   (You bought it in a shop on level 5 of the Dungeon)

   [ring of protection from fire]

   Dex:       It affects your dexterity (+3).
   rF:        It protects you from fire.
   rPois:     It protects you from poison.
 S - the amulet of Vitality (around neck) {RegenMP++ Regen++}
   (You took it off a merfolk on level 4 of the Shoals)

   [amulet of magic regeneration]

   It increases your rate of magic regeneration.
   Regen:     It increases your rate of health regeneration.
Wands
 t - a wand of flame (152)
 x - a wand of paralysis (14)
 y - a wand of roots (48)
 I - a wand of digging (4)
 L - a wand of acid (10)
Scrolls
 c - 23 scrolls of teleportation {@r4}
 e - a scroll of torment
 f - 4 scrolls of enchant weapon
 i - 2 scrolls of enchant armour
 j - 5 scrolls of fog
 m - 9 scrolls of fear
 q - 11 scrolls of vulnerability
 r - 3 scrolls of immolation
 s - 6 scrolls of blinking
 J - 5 scrolls of brand weapon
 K - 17 scrolls of identify {@r1}
 U - 3 scrolls of amnesia
 V - 2 scrolls of silence
 X - 4 scrolls of revelation
 Y - 2 scrolls of poison
Potions
 b - 5 potions of magic
 d - 3 potions of berserk rage
 h - 3 potions of cancellation
 k - 7 potions of lignification
 n - 14 potions of curing {@q1}
 p - a potion of invisibility
 u - 5 potions of mutation
 A - 5 potions of attraction
 B - 3 potions of resistance
 C - 8 potions of might
 D - 5 potions of brilliance
 F - 9 potions of heal wounds {@q2}
 H - 5 potions of haste {@q3}
 N - 10 potions of degeneration
 Q - 6 potions of ambrosia
 R - 5 potions of enlightenment
Miscellaneous
 l - a condenser vane
 w - a lightning rod (4/4)
 T - a phial of floods


   Skills:
 - Level 18.0 Fighting
 - Level 4.0 Armour
 * Level 14.7 Dodging
 - Level 3.0 Stealth
 - Level 6.0 Shields
 + Level 12.6 Unarmed Combat
 - Level 8.0 Spellcasting
 - Level 1.8 Conjurations
 - Level 6.0 Summonings
 - Level 18.0 Transmutations
 - Level 18.0 Air Magic
 - Level 13.4 Invocations


You had 12 spell levels left.
You knew the following spells:

 Your Spells              Type           Power      Damage    Failure   Level
a - Storm Form            Tmut/Air       40%        N/A       3%          7
b - Summon Lightning Spi  Summ/Air       64%        N/A       1%          4
c - Maxwell's Capacitive  Air            40%        ∞         22%         8
d - Airstrike             Air            40%        2d(6-22)  1%          4
e - Wereblood             Tmut           81%        N/A       0%          2

Your spell library contained the following spells:

 Spells                   Type           Power      Damage    Failure   Level
 Beastly Appendage        Tmut           100%       N/A       0%          1
 Swiftness                Air            81%        N/A       0%          3
 Shock                    Conj/Air       100%       1d9       1%          1
 Sting                    Tmut/Pois      100%       1d8       1%          1
 Summon Small Mammal      Summ           100%       N/A       1%          1
 Call Imp                 Summ           82%        N/A       1%          2
 Passwall                 Tmut/Erth      45%        N/A       1%          2
 Poisonous Vapours        Pois/Air       100%       N/A       1%          2
 Static Discharge         Conj/Air       100%       2-7/arc   1%          2
 Ignite Poison            Fire/Tmut/Pois 41%        N/A       1%          3
 Mephitic Cloud           Conj/Pois/Air  44%        N/A       1%          3
 Spider Form              Tmut/Pois      55%        N/A       1%          3
 Vhi's Electric Charge    Tloc/Air       100%       N/A       1%          3
 Ice Form                 Ice/Tmut       55%        N/A       1%          4
 Petrify                  Tmut/Erth      55%        N/A       1%          4
 Blade Hands              Tmut           40%        N/A       1%          5
 Arcjolt                  Conj/Air       29%        1d39      2%          5
 Irradiate                Conj/Tmut      29%        3d21      2%          5
 Foxfire                  Conj/Fire      60%        2x1d7     3%          1
 Kiss of Death            Conj/Necr      60%        2d10      3%          1
 Alistair's Intoxication  Tmut/Pois      36%        N/A       3%          5
 Silence                  Hex/Air        27%        N/A       3%          5
 Yara's Violent Unravell  Hex/Tmut       27%        3d12      3%          5
 Dragon Form              Tmut           40%        N/A       3%          7
 Summon Guardian Golem    Hex/Summ       26%        N/A       4%          3
 Apportation              Tloc           20%        N/A       5%          1
 Necrotise                Necr           40%        1d6       5%          1
 Slow                     Hex            40%        N/A       5%          1
 Momentum Strike          Conj/Tloc      30%        3d8       6%          2
 Blink                    Tloc           20%        N/A       9%          2
 Ensorcelled Hibernation  Hex/Ice        20%        N/A       9%          2
 Lesser Beckoning         Tloc           20%        N/A       9%          2
 Scorch                   Fire           20%        2d6       9%          2
 Sublimation of Blood     Necr           10%        N/A       9%          2
 Freezing Cloud           Conj/Ice/Air   22%        6-21      11%         5
 Hailstorm                Conj/Ice       15%        3d5       12%         3
 Conjure Ball Lightning   Conj/Air       29%        3x3d8     14%         6
 Animate Armour           Summ/Erth      52%        N/A       16%         4
 Summon Ice Beast         Ice/Summ       26%        N/A       16%         4
 Confusing Touch          Hex            10%        N/A       17%         3
 Gell's Gravitas          Tloc           10%        N/A       17%         3
 Inner Flame              Hex/Fire       10%        N/A       17%         3
 Ozocubu's Armour         Ice            10%        N/A       17%         3
 Teleport Other           Tloc           10%        N/A       17%         3
 Vampiric Draining        Necr           10%        2d6       17%         3
 Eringya's Noxious Bog    Tmut/Pois      27%        N/A       22%         6
 Plasma Beam              Fire/Air       27%        2x1d40    22%         6
 Statue Form              Tmut/Erth      36%        N/A       22%         6
 Flame Wave               Conj/Fire      15%        2d7       36%         4
 Fulminant Prism          Conj/Hex       7%         3d6       36%         4
 Iskenderun's Mystic Bla  Conj/Tloc      15%        2d5       36%         4
 Sticky Flame             Conj/Fire      15%        2d4       36%         4
 Summon Forest            Summ/Tloc      13%        N/A       41%         5
 Summon Mana Viper        Hex/Summ       26%        N/A       41%         5
 Anguish                  Hex/Necr       5%         N/A       50%         4
 Cause Fear               Hex            5%         N/A       50%         4
 Leda's Liquefaction      Hex/Erth       5%         N/A       50%         4
 Manifold Assault         Tloc           10%        N/A       50%         4
 Iskenderun's Battlesphe  Conj           20%        2d7       58%         5
 Summon Cactus Giant      Summ           20%        N/A       58%         6
 Fireball                 Conj/Fire      7%         3d5       71%         5
 Lee's Rapid Deconstruct  Erth           5%         3d6*      83%         5
 Metabolic Englaciation   Hex/Ice        5%         N/A       83%         5
 Leda's Unmaking          Conj/Erth      7%         9d2       99%         6
 Starburst                Conj/Fire      7%         6d4       99%         6
 Monstrous Menagerie      Summ           20%        N/A       99%         7
 Summon Hydra             Summ           20%        N/A       99%         7
 Dispersal                Tloc           5%         N/A       100%        6
 Simulacrum               Ice/Necr       5%         N/A       100%        6
 Enfeeble                 Hex            5%         N/A       100%        7
 Malign Gateway           Summ/Tloc      13%        N/A       100%        7
 Orb of Destruction       Conj           10%        9d6       100%        7
 Ozocubu's Refrigeration  Ice            5%         4d8       100%        7
 Spellforged Servitor     Conj/Summ      15%        N/A       100%        7
 Ignition                 Fire           5%         3d4       100%        8
 Necromutation            Tmut/Necr      27%        N/A       100%        8
 Summon Horrible Things   Summ           20%        N/A       100%        8
 Chain Lightning          Conj/Air       29%        3d38      100%        9
 Dragon's Call            Summ           20%        N/A       100%        9
 Fire Storm               Conj/Fire      7%         8d2       100%        9


Dungeon Overview and Level Annotations

Branches:
Dungeon (15/15)            Temple (1/1) D:6            Lair (5/5) D:11
 Shoals (4/4) Lair:2       Spider (4/4) Lair:2          Orc (2/2) D:10
    Elf (3/3) Orc:2        Vaults (5/5) D:14          Crypt (0/3) Vaults:2
 Depths (1/4) D:15          IceCv (visited)         Desolation (visited)
  Slime: Lair:4-5

Altars:
Ashenzari
Cheibriados
Dithmenos
Fedhas
Gozag
Hepliaklqana
Kikubaaqudgha
Makhleb
Nemelex Xobeh
Okawaru
Qazlal
Ru
Sif Muna
Trog
Uskayaw
Vehumet
Wu Jian
Xom
Yredelemnul
Jiyva
Lugonu

Shops:
D:5 *   Orc:2 (?(*   Elf:1 :   Elf:2 *   Shoals:1 (   Shoals:3 :(**
Vaults:1 (*!   Vaults:2 =

Portals:
Abyss: Lair:5
Ziggurat: Depths:1

Annotations:
D:3 exclusion: 2 scorpions
D:6 exclusions: 3 orcs and orc priest
D:8 exclusion: 4 killer bees
D:11 2 transporters, Moral's ghost, novice HOFi
Lair:4 exclusion: 2 oklob plants
Spider:3 2 transporters
Elf:2 5 runed translucent doors


Innate Abilities, Weirdness & Mutations

You are a lightning-filled tempest!
Your electrical attacks strike out in all directions at once.
You are incredibly evasive.
Your insubstantial body is immune to petrification, constriction, and being set on fire You are flying.
You are immune to poison.
Your armour is entirely melded.
You are incapable of wielding weapons or throwing items.
((You have claws for hands.))
((You have hooves in place of feet.))
((You have a pair of large horns on your head.))
A powerful demonic guardian rushes to your aid.
You sometimes gain power by taking damage.
Your magical and physical power is slightly enhanced at high health.
You occasionally lose the ability to drink potions when taking damage.


Message History

You blast the ice dragon!!!
Your punch misses the ice dragon.
The ice dragon is severely wounded.
You hit the frost giant. You batter something!!
Something hits you but does no damage.
The floating eye gazes piercingly through you!
You suddenly lose the ability to move!
The frost giant casts a spell at you. The bolt of cold hits you!!!
You focus on the pain.
You feel very mighty all of a sudden. The ice dragon breathes frost at you.
The blast of cold hits you!! Something hits you but does no damage.
The ice dragon bites you but does no damage.
The ice dragon claws you but does no damage.
The ice dragon tramples you but does no damage.
The frost giant hits you but does no damage.
Something hits you. The floating eye's view fixates on you.
The frost giant hits you with a +0 battleaxe of freezing!
A demonic guardian appears!
The frost giant freezes you.
The ice dragon bites you but does no damage.
The ice dragon claws you but does no damage.
The ice dragon tramples you.
* * * LOW HITPOINT WARNING * * *
You hold your ground!
The ice dragon bites you.
* * * LOW HITPOINT WARNING * * *
The ice dragon claws you.
* * * LOW HITPOINT WARNING * * *
The ice dragon tramples you but does no damage.
Something hits you but does no damage.
The frost giant hits you with a +0 battleaxe of freezing!!
You feel threatened and lose the ability to drink potions!
* * * LOW HITPOINT WARNING * * *
The frost giant freezes you.
* * * LOW HITPOINT WARNING * * *
The frost giant gestures at you while chanting.
The bolt of cold hits the frost giant!
The frost giant resists.
The bolt of cold hits you!!
You die...

#########
#.......#
##).#
####2#.#
....#
#.{v##.#
.....
......DC#..#
.....
.....#.G#..#
..... ####
.C##..#
.....
#..#...#
.....
#..#..(##
.....
#..#....#
.....
#..##...#
..... #...#


You could see 2 frost giants, an ice dragon, a floating eye (charged) and a
friendly lorocyproca (summoned, invisible).

Vanquished Creatures
  Boris (twice) (Vaults:5 Depths:1)
  Frederick (Vaults:5)
  A caustic shrike (shapeshifter) (Vaults:5)
  3 golden dragons (Vaults:5)
  2 tentacled monstrosities (Vaults:5)
  2 deep elf master archers (Elf:3)
  7 titans
  2 deep elf blademasters (Elf:3)
  A sphinx (Vaults:4)
  A storm dragon (Vaults:4)
  A tengu reaver (Vaults:3)
  4 shadow dragons (Vaults:5)
  4 fire giants
  4 deep elf sorcerers
  2 frost giants
  15 vault wardens
  Louise (Shoals:3)
  An imperial myrmidon (Desolation)
  An emperor scorpion (Spider:3)
  3 ghost moths
  A deep elf elementalist (Elf:3)
  An orc warlord (Vaults:3)
  4 stone giants
  17 ironbound preservers
  5 formless jellyfish
  A quicksilver ooze (IceCv)
  3 ironbound thunderhulks
  2 war gargoyles (Vaults:5)
  2 broodmothers
  3 very ugly things
  Nessos (Lair:5)
  5 deep elf demonologists
  5 deep elf annihilators
  4 dire elephants
  A halazid warlock (Desolation)
  A spark wasp (shapeshifter) (Elf:1)
  5 deep elf death magi
  A spark wasp (Spider:1)
  2 merfolk javelineers (Shoals:4)
  An eidolon (Vaults:2)
  3 entropy weavers
  2 fire dragons (Depths:1)
  4 crystal guardians
  Josephine (D:13)
  2 ettins
  12 yaktaur captains
  16 merfolk impalers
  3 deep elf high priests
  A rakshasa (Depths:1)
  3 ice dragons (Depths:1)
  6 great orbs of eyes
  5 ragged hierophants (Desolation)
  30 vault guards
  10 peacekeepers
  2 hydras
  2 radroaches
  9 servants of whispers (Desolation)
  An ogre mage (Vaults:5)
  5 boulder beetles
  10 centaur warriors
  A boulder beetle (shapeshifter) (Depths:1)
  3 merfolk avatars
  9 ironbound frosthearts
  2 satyrs (Shoals:4)
  5 two-headed ogres
  5 merfolk aquamancers
  9 dancing weapons
  7 demonic crawlers
  3 tengu warriors
  A thrashing horror (Lair:5)
  A vampire mage (Vaults:2)
  8 deep elf knights
  A hell knight (Vaults:5)
  7 pharaoh ants
  2 skeletal warriors
  2 shadow wraiths
  2 sun moths (Spider:4)
  28 deep trolls
  3 skysharks
  5 orb spiders
  8 sea snakes
  5 wizards
  7 deep elf archers
  An orc knight (Orc:2)
  19 ironbound convokers
  3 steelbarb worms
  Pikel (D:8)
  5 phantasmal warriors
  14 harpies
  10 lindwurms
  A harpy (shapeshifter) (Elf:2)
  A glowing orange brain (Vaults:4)
  16 deep elf pyromancers
  A fire giant zombie (D:15)
  14 manticores
  17 deep elf zephyrmancers
  A manticore (shapeshifter) (Vaults:3)
  3 cyclopes
  8 wolf spiders
  13 fauns
  17 ugly things
  3 moths of wrath
  A salamander (shapeshifter) (D:14)
  2 elephants (Lair:5)
  3 black mambas
  An ice statue (IceCv)
  7 merfolk sirens
  7 water nymphs
  2 molten gargoyles (Desolation)
  15 vault sentinels
  A guardian serpent (Desolation)
  Joseph (D:8)
  10 cane toads
  A smoke demon (Lair:5)
  2 torpor snails
  2 gargoyles
  An efreet (D:15)
  4 rime drakes
  An unseen horror (D:12)
  2 kobold demonologists (D:14)
  11 komodo dragons
  24 yaktaurs
  Maggie (D:7)
  A komodo dragon (shapeshifter) (Vaults:5)
  A tengu conjurer (D:14)
  A yaktaur (shapeshifter) (Vaults:5)
  2 ancient zymes (Lair:5)
  4 trolls
  14 wind drakes
  3 hornets (Spider:1)
  21 merfolk
  13 meliai
  19 tarantellas
  13 blink frogs
  46 saltlings (Desolation)
  11 snapping turtles
  7 small abominations (Lair:5)
  2 dream sheep (Shoals:1)
  9 culicivoras
  2 shadows
  19 jumping spiders
  17 slime creatures
  24 water elementals
  A culicivora (shapeshifter) (D:13)
  A spriggan (shapeshifter) (Lair:5)
  2 vampires
  36 yaks
  A ynoxinul (Lair:5)
  11 air elementals
  A yak (shapeshifter) (Lair:5)
  5 wyverns
  3 fire bats (Lair:3)
  5 wraiths
  4 basilisks
  A fire elemental (Elf:3)
  29 redbacks
  A redback (shapeshifter) (Vaults:5)
  2 basilisks (shapeshifter)
  A chaos spawn (Lair:5)
  4 vampire mosquitoes (D:13)
  2 steam dragons
  4 acid dragons
  14 water moccasins
  2 hell hounds (Lair:4)
  A sky beast (D:7)
  Duvessa (D:5)
  An ice beast (D:7)
  33 orc warriors
  2 black bears
  2 great orb of eyes simulacra (IceCv)
  9 ogres
  9 wolves
  4 boggarts (Vaults:3)
  25 centaurs
  4 slime creature simulacra (IceCv)
  A phantom (D:5)
  A lemure (D:7)
  Blork the orc (D:6)
  3 kobold brigands
  12 bullfrogs
  A gnoll sergeant (D:12)
  2 earth elementals
  3 glowing shapeshifter simulacra (IceCv)
  11 scorpions
  9 wights
  Dowan (D:5)
  5 killer bees
  3 howler monkeys
  2 electric eels
  2 jellies
  18 orc priests
  A gnoll bouda (D:10)
  4 hounds
  Crazy Yiuf (D:4)
  2 sleepcaps
  5 iguanas
  26 orc wizards
  2 hell rats (Lair:4)
  3 shapeshifter simulacra (IceCv)
  Robin (D:4)
  8 adders
  13 gnolls
  2 white imps
  2 ufetubi (D:5)
  A dart slug (D:4)
  73 orcs
  5 endoplasms
  A giant cockroach (D:1)
  15 goblins
  7 hobgoblins
  2 quokkas
  5 ball pythons
  4 bats
  A frilled lizard (D:3)
  23 kobolds
  3 rats
1356 creatures vanquished.

Vanquished Creatures (collateral kills)
  A dread lich (Vaults:5)
  An ancient lich (Vaults:5)
  Mennas (Vaults:5)
  A golden dragon (Vaults:5)
  A tentacled monstrosity (Vaults:5)
  A titan (Vaults:5)
  2 quicksilver dragons (Vaults:5)
  A shadow dragon (Vaults:5)
  A sphinx (Vaults:5)
  An azure jelly (IceCv)
  2 emperor scorpions
  3 vault wardens (Vaults:5)
  Aizul (Shoals:3)
  An iron dragon (Vaults:5)
  2 quicksilver oozes (IceCv)
  A war gargoyle (Vaults:5)
  A deep elf demonologist (Vaults:5)
  A deep elf annihilator (Vaults:5)
  An ettin (Vaults:5)
  2 merfolk impalers (Shoals:4)
  5 entropy weavers
  2 yaktaur captains
  A fire dragon (D:14)
  2 vault guards (Vaults:5)
  4 alligator snapping turtles
  A centaur warrior (Shoals:2)
  A satyr (Shoals:2)
  4 radroaches
  3 boulder beetles
  3 demonic crawlers
  A thrashing horror (Lair:5)
  Urug (D:10)
  3 skysharks
  A skeletal warrior (D:15)
  A sun moth (Spider:4)
  6 pharaoh ants
  A sea snake (Shoals:1)
  A deep troll (Vaults:4)
  2 orb spiders
  A lindwurm (Vaults:1)
  5 steelbarb worms
  4 orc knights
  A deep elf pyromancer (Elf:1)
  2 phantasmal warriors
  A necromancer (D:15)
  6 wolf spiders
  A deep elf zephyrmancer (Elf:1)
  2 manticores
  7 ugly things
  A cyclops (D:13)
  7 fauns
  2 merfolk sirens
  2 elephants (Lair:5)
  A smoke demon (Lair:5)
  3 torpor snails
  A cane toad (Lair:1)
  6 water nymphs (Shoals:4)
  A frost giant skeleton (D:15)
  2 rime drakes (Lair:2)
  A komodo dragon (Lair:2)
  A freezing wraith (Vaults:5)
  A troll (D:12)
  5 meliai (Spider:4)
  Grinder (D:5)
  11 merfolk
  2 wind drakes
  5 tarantellas
  7 hornets (Spider:1)
  8 blink frogs
  4 snapping turtles
  9 jumping spiders
  6 slime creatures (IceCv)
  A spriggan (Lair:5)
  25 yaks
  7 culicivoras
  8 water elementals
  3 basilisks (Lair:5)
  2 wraiths (D:13)
  3 large abominations (Lair:5)
  Menkaure (D:5)
  14 redbacks
  A warg (Orc:1)
  2 glowing shapeshifter zombies (D:15)
  2 orc warriors
  An ogre (D:4)
  A boggart (Vaults:3)
  6 small abominations (Lair:5)
  3 wolves
  6 centaurs
  A glowing shapeshifter simulacrum (IceCv)
  A scorpion (Spider:1)
  A wight (D:8)
  2 orc priests (Orc:1)
  An orc wizard (Orc:1)
  2 hell rats (Lair:4)
  2 gnolls (Orc:1)
  2 orcs (Orc:1)
284 creatures vanquished.

Vanquished Creatures (others)
  A merfolk aquamancer (Shoals:2)
  A vault guard (Vaults:1)
  2 deep elf knights
  A manticore (Shoals:3)
  A kobold brigand (D:14)
6 creatures vanquished.

Grand Total: 1646 creatures vanquished

Notes
Turn   | Place    | Note
-------+----------+-------------------------------------------
     0 | D:1      | freelancePsychic the Demonspawn Air Elementalist began the
                  | quest for the Orb.
     0 | D:1      | Reached XP level 1. HP: 13/13 MP: 3/3
   412 | D:1      | Gained mutation: A weak demonic guardian rushes to your
                  | aid. [demonic ancestry]
   412 | D:1      | Reached XP level 2. HP: 20/20 MP: 1/5
   846 | D:1      | Reached skill level 1 in Fighting
  1010 | D:2      | Discovered your monstrous ancestry.
  1010 | D:2      | Gained mutation: You have large cloven feet. [demonic
                  | ancestry]
  1010 | D:2      | Reached XP level 3. HP: 26/26 MP: 2/6
  1276 | D:2      | Identified a scroll of acquirement
  1276 | D:2      | Acquired the amulet of Taherano {Reflect rF+ Will- SH+5
                  | Stlth+}
  1544 | D:2      | Gained mutation: A demonic guardian rushes to your aid.
                  | [demonic ancestry]
  1544 | D:2      | Reached XP level 4. HP: 13/32 MP: 1/7
  2354 | D:3      | Noticed a scorpion
  2519 | D:3      | Noticed a scorpion
  3207 | D:4      | Noticed Robin
  3523 | D:4      | Reached XP level 5. HP: 24/38 MP: 0/8
  3607 | D:4      | Noticed a black bear
  3786 | D:4      | Learned a level 4 spell: Airstrike
  3917 | D:4      | Found a runed translucent door.
  3918 | D:4      | Noticed Crazy Yiuf
  4048 | D:4      | Killed Robin
  4414 | D:4      | Noticed an ogre
  4426 | D:4      | Killed an ogre
  4427 | D:4      | Gained mutation: You have a pair of small horns on your
                  | head. [demonic ancestry]
  4427 | D:4      | Reached XP level 6. HP: 30/46 MP: 1/9
  4624 | D:5      | Entered Level 5 of the Dungeon
  4634 | D:5      | Reached skill level 5 in Air Magic
  4666 | D:5      | Noticed Duvessa
  4666 | D:5      | Noticed Dowan
  4708 | D:5      | Found Reutek's General Store.
  4875 | D:5      | Noticed Menkaure
  4888 | D:5      | Killed Menkaure
  4971 | D:4      | Reached XP level 7. HP: 50/52 MP: 5/11
  5092 | D:5      | Noticed Grinder
  5105 | D:5      | Paralysed by Grinder for 3 turns
  5113 | D:5      | Killed Grinder
  5461 | D:5      | Killed Duvessa
  5521 | D:5      | Killed Dowan
  5522 | D:5      | Gained mutation: You have a pair of horns on your head.
                  | [demonic ancestry]
  5522 | D:5      | Reached XP level 8. HP: 56/61 MP: 8/12
  6111 | D:5      | Reached skill level 5 in Fighting
  7193 | D:6      | Found a staircase to the Ecumenical Temple.
  7213 | Temple   | Entered the Ecumenical Temple
  7424 | Temple   | Became a worshipper of Sif Muna the Loreminder
  7661 | D:6      | Noticed Blork the orc
  7663 | D:6      | Killed Blork the orc
  7664 | D:6      | Reached skill level 1 in Invocations
  8289 | D:6      | Reached XP level 9. HP: 69/69 MP: 0/13
  8902 | D:8      | Noticed Pikel
  9435 | D:7      | You fall into a shaft and drop 1 floor!
  9577 | D:8      | Noticed Joseph
  9599 | D:8      | Killed Joseph
  9608 | D:8      | Reached skill level 5 in Invocations
  9757 | D:8      | Reached skill level 10 in Air Magic
 10032 | D:8      | Killed Pikel
 10032 | D:8      | Reached * piety under Sif Muna
 10334 | D:8      | Gained mutation: You sometimes gain a little power by
                  | taking damage. [demonic ancestry]
 10334 | D:8      | Reached XP level 10. HP: 76/79 MP: 5/14
 11311 | D:9      | Noticed a boulder beetle
 11333 | D:9      | Killed a boulder beetle
 12534 | D:10     | Entered Level 10 of the Dungeon
 12770 | D:10     | Noticed a two-headed ogre
 12775 | D:10     | Killed a two-headed ogre
 13080 | D:10     | Noticed a two-headed ogre
 13082 | D:10     | Killed a two-headed ogre
 13128 | D:10     | Noticed Urug
 13258 | D:5      | Bought the ring of Qogua {rPois rF+ Dex+3} for 510 gold
                  | pieces
 13401 | D:7      | Noticed Maggie
 13422 | D:7      | Killed Maggie
 13651 | D:7      | Gained mutation: You sometimes gain power by taking damage.
                  | [demonic ancestry]
 13651 | D:7      | Reached XP level 11. HP: 85/87 MP: 4/17
 13999 | D:10     | Found a staircase to the Orcish Mines.
 14164 | D:10     | Found a snail-covered altar of Cheibriados.
 14282 | D:10     | Reached skill level 1 in Shields
 14387 | D:10     | Killed Urug
 16111 | D:11     | Reached ** piety under Sif Muna
 16392 | D:11     | Found a staircase to the Lair.
 16548 | D:11     | Found a transporter.
 16556 | D:11     | Found a bloodstained altar of Trog.
 16556 | D:11     | Noticed a two-headed ogre
 16568 | D:11     | Found a transporter.
 16569 | D:11     | Noticed a two-headed ogre
 16569 | D:11     | Noticed Moral's ghost (novice HOFi)
 16592 | D:11     | Noticed a tengu warrior
 16831 | D:12     | Acquired a book of Storms
 16847 | D:11     | Learned a level 4 spell: Summon Lightning Spire
 16902 | Lair:1   | Entered Level 1 of the Lair of Beasts
 17080 | Lair:1   | Reached skill level 1 in Summonings
 17394 | Lair:1   | Reached skill level 10 in Fighting
 17704 | Lair:1   | Gained mutation: You have sharp fingernails. [demonic
                  | ancestry]
 17704 | Lair:1   | Reached XP level 12. HP: 90/97 MP: 18/18
 17769 | Lair:1   | Reached skill level 5 in Dodging
 18730 | Lair:2   | Found a frozen archway.
 18742 | Lair:2   | Reached skill level 5 in Shields
 18809 | IceCv    | Entered an ice cave
 19106 | IceCv    | Noticed a quicksilver ooze
 19485 | IceCv    | Killed a quicksilver ooze
 19975 | IceCv    | Reached *** piety under Sif Muna
 20022 | IceCv    | Noticed a quicksilver ooze
 20454 | IceCv    | Killed a quicksilver ooze
 20565 | IceCv    | Noticed an azure jelly
 20571 | IceCv    | Noticed a quicksilver ooze
 20571 | IceCv    | Killed an azure jelly
 20572 | IceCv    | Reached skill level 5 in Summonings
 20574 | IceCv    | Killed a quicksilver ooze
 20731 | IceCv    | Found a viscous altar of Jiyva.
 20753 | IceCv    | Identified the +7 ring mail of the Flute {rC+ Dex+3}
 21295 | D:4      | Killed Crazy Yiuf
 21748 | Lair:2   | Gained mutation: You have a pair of large horns on your
                  | head. [demonic ancestry]
 21748 | Lair:2   | Reached XP level 13. HP: 95/106 MP: 2/19
 22053 | Lair:2   | Found a hide-covered altar of Uskayaw.
 22053 | Lair:2   | Found an ornate altar of the Wu Jian Council.
 22510 | Lair:2   | Found a hole to the Spider Nest.
 22750 | Lair:2   | Found a staircase to the Shoals.
 23940 | Lair:3   | Reached skill level 10 in Invocations
 24963 | Lair:4   | Reached **** piety under Sif Muna
 26143 | Lair:4   | Found a viscous altar of Jiyva.
 26304 | Lair:5   | Entered Level 5 of the Lair of Beasts
 26779 | Lair:5   | Noticed Nessos
 26783 | Lair:5   | Killed Nessos
 27779 | Lair:5   | Gained mutation: You have hoof-like feet. [demonic
                  | ancestry]
 27779 | Lair:5   | Reached XP level 14. HP: 115/115 MP: 2/21
 28558 | Lair:5   | Reached skill level 10 in Dodging
 29036 | Lair:5   | Reached ***** piety under Sif Muna
 29641 | Lair:5   | Received a gift from Sif Muna
 29642 | Lair:5   | Got Sif Muna's Notes on Jinxing {god gift}
 29787 | Lair:5   | Identified the +4 sling of a Million Knives {drain, rCorr
                  | Int+4}
 30437 | Lair:5   | Found a corrupted altar of Lugonu.
 30437 | Lair:5   | Found a one-way gate to the infinite horrors of the Abyss.
 31056 | D:11     | Reached skill level 1 in Armour
 31861 | D:12     | Identified the +0 pair of boots of Wisdom {rElec}
 32409 | D:13     | Noticed Josephine
 32607 | D:13     | Killed Josephine
 33731 | Orc:1    | Entered Level 1 of the Orcish Mines
 33837 | Orc:1    | Reached skill level 15 in Air Magic
 34825 | Orc:1    | You fall into a shaft and drop 1 floor!
 34825 | Orc:2    | Entered Level 2 of the Orcish Mines
 34934 | Orc:2    | Received a gift from Sif Muna
 34935 | Orc:2    | Got Kuleogha's Papyrus of Outbursts {god gift}
 36514 | Orc:2    | Gained mutation: You have hooves in place of feet. [demonic
                  | ancestry]
 36514 | Orc:2    | Reached XP level 15. HP: 106/120 MP: 1/22
 36825 | Orc:2    | Found Plog's Antique Weapon Shoppe.
 36825 | Orc:2    | Found Bebb's Magic Scroll Shop.
 36827 | Orc:2    | Found Quakisei's Weapon Boutique.
 36829 | Orc:2    | Found Zeipp's Assorted Antiques.
 36841 | Orc:2    | Bought 2 potions of heal wounds for 270 gold pieces
 36841 | Orc:2    | Bought a scroll labelled WOMPEQORGHE for 27 gold pieces
 36966 | Orc:2    | Found a staircase to the Elven Halls.
 37162 | Orc:2    | Bought a scroll of teleportation for 51 gold pieces
 37162 | Orc:2    | Bought a scroll of teleportation for 51 gold pieces
 37952 | D:14     | Found a gate to the Vaults.
 37992 | D:14     | Found a bloodstained altar of Trog.
 38515 | D:15     | Entered Level 15 of the Dungeon
 38965 | D:15     | Received a gift from Sif Muna
 39047 | D:15     | Got Sif Muna's Compilation of Amassed Aeromancy {god gift}
 39057 | D:15     | Learned a level 8 spell: Maxwell's Capacitive Coupling
 40114 | D:15     | Found a staircase to the Depths.
 40656 | Shoals:1 | Entered Level 1 of the Shoals
 43006 | Shoals:1 | Found Byafyfroi's Antique Weapon Shoppe.
 44254 | Shoals:2 | Identified the +0 pair of boots of Hairy the Leaf {-Cast
                  | +Inv Fly rF+}
 44621 | Shoals:2 | Gained mutation: Your magical and physical power is
                  | slightly enhanced at high health. [demonic ancestry]
 44621 | Shoals:2 | Reached XP level 16. HP: 53/131 MP: 22/26
 46180 | Shoals:3 | Noticed Louise
 46253 | Spider:1 | Entered Level 1 of the Spider Nest
 47631 | Spider:1 | Received a gift from Sif Muna
 48233 | Spider:1 | Reached skill level 1 in Transmutations
 49830 | Spider:2 | Reached skill level 15 in Fighting
 50240 | Spider:2 | Identified the +3 great sword "Ideloyxeug" {heavy, *Rage
                  | rF+ rCorr}
 50798 | Spider:2 | Reached skill level 5 in Spellcasting
 50900 | Spider:2 | Learned a level 7 spell: Storm Form
 51293 | Spider:2 | Reached skill level 5 in Transmutations
 53073 | Spider:3 | Reached XP level 17. HP: 142/142 MP: 18/27
 53383 | Spider:3 | Found a transporter.
 53394 | Spider:3 | Found a transporter.
 53843 | Spider:4 | Entered Level 4 of the Spider Nest
 56006 | Spider:4 | Reached skill level 10 in Transmutations
 56279 | Spider:4 | Received a gift from Sif Muna
 56280 | Spider:4 | Got Sif Muna's Compendium of Clouds {god gift}
 56879 | Spider:4 | Got a gossamer rune of Zot
 56890 | Spider:4 | Identified the +2 hat "Vaesor" {Rampage Int+4 Stlth-}
 58155 | Shoals:3 | Killed Louise
 58910 | Shoals:3 | Found Gomp's Antique Weapon Emporium.
 59198 | Shoals:3 | Found Aruggi's General Store.
 59206 | Shoals:3 | Bought a scroll of fear for 72 gold pieces
 59426 | Shoals:3 | Found Ukhlitam's Assorted Antiques.
 59429 | Shoals:3 | Bought a fine cloak for 256 gold pieces
 59429 | Shoals:3 | Identified the +3 cloak of the Furrier {*Slow Str+3 Int+5}
                  | (You bought it in a shop on level 3 of the Shoals)
 59429 | Shoals:3 | Bought a potion of brilliance for 108 gold pieces
 59429 | Shoals:3 | Bought a scroll of teleportation for 81 gold pieces
 59429 | Shoals:3 | Bought a potion of curing for 81 gold pieces
 59988 | Shoals:3 | Found Reres's Book Emporium.
 59991 | Shoals:3 | Bought a book of Lightning for 510 gold pieces
 60053 | Shoals:4 | Entered Level 4 of the Shoals
 60913 | Shoals:4 | Gained mutation: You have very sharp fingernails. [demonic
                  | ancestry]
 60913 | Shoals:4 | Reached XP level 18. HP: 148/149 MP: 6/28
 61089 | Shoals:4 | Identified the ring "Onoob" {Ice Int-3 Dex+5}
 61302 | Shoals:4 | Paralysed by an air elemental for 1 turns
 61307 | Shoals:4 | Paralysed by an air elemental for 1 turns
 61310 | Shoals:4 | Paralysed by an air elemental for 1 turns
 62184 | Shoals:4 | Noticed Aizul
 62206 | Shoals:4 | Paralysed by an air elemental for 1 turns
 62210 | Shoals:4 | Paralysed by an air elemental for 1 turns
 62220 | Shoals:3 | Killed Aizul
 62221 | Shoals:3 | Paralysed by an air elemental for 1 turns
 62364 | Shoals:4 | Received a gift from Sif Muna
 62365 | Shoals:4 | Got Sif Muna's Elucidation of Vicissitude {god gift}
 62420 | Shoals:4 | Paralysed by an air elemental for 1 turns
 62428 | Shoals:4 | Paralysed by an air elemental for 1 turns
 62433 | Shoals:4 | Paralysed by an air elemental for 1 turns
 62438 | Shoals:4 | Paralysed by an air elemental for 1 turns
 62678 | Shoals:4 | Got a barnacled rune of Zot
 62683 | Shoals:4 | Identified the staff of cold "Hagebbu" {Fragile rC+ rCorr
                  | Dex+3}
 62937 | Elf:1    | Entered Level 1 of the Elven Halls
 62952 | Elf:1    | Reached skill level 15 in Transmutations
 62987 | Elf:1    | Paralysed by an air elemental for 1 turns
 63124 | Elf:1    | Found Tuung's Book Shop.
 63801 | Elf:2    | Found a crumbling gateway.
 63812 | Desolati | Entered the Desolation of Salt
 63852 | Desolati | Reached skill level 1 in Unarmed Combat
 64089 | Desolati | Gained mutation: You have claws for hands. [demonic
                  | ancestry]
 64089 | Desolati | Reached XP level 19. HP: 110/155 MP: 29/29
 64102 | Desolati | Received a gift from Sif Muna
 64103 | Desolati | Got Sif Muna's Essays on Shapeshifting and the Queen Bee
                  | {god gift}
 64129 | Desolati | Identified the ring of Lanaru {Will+ EV+5 Dex+4}
 64138 | Desolati | Identified the +1 glaive "Enleac" {flame, rC+ Will+ MP-9
                  | Stlth+}
 64201 | Desolati | Identified the ring "Tuokiorph" {Fire *Slow rPois Dex+4}
 64235 | Desolati | Got the Almanac of Creative Pyromania
 64240 | Desolati | Identified the +9 sling of Leshre Necec {freeze, Int+2
                  | Dex+3}
 64358 | Desolati | Identified the +3 dagger of Wicyh {heavy, *Rage rPois rC+
                  | Int+5}
 64370 | Desolati | Identified the ring "Wauro" {rPois rF+}
 64378 | Desolati | Identified the ring "Eddipo" {Int+4 Slay+4}
 64579 | Elf:2    | Found Teiten's Gadget Gallery.
 64594 | Elf:2    | Paralysed by an air elemental for 1 turns
 64782 | Elf:2    | Found a huge runed translucent gate.
 64782 | Elf:2    | Found a huge runed translucent gate.
 64782 | Elf:2    | Found a huge runed translucent gate.
 65147 | Elf:2    | Found a huge runed translucent gate.
 65147 | Elf:2    | Found a huge runed translucent gate.
 65186 | Elf:3    | Entered Level 3 of the Elven Halls
 65757 | Elf:3    | Reached skill level 5 in Unarmed Combat
 65953 | Elf:3    | Identified the staff of conjuration "Odacw" {Fly Int+3}
 65965 | Elf:3    | Identified the staff of conjuration "Bitigus" {rElec rN++
                  | Dex-2}
 65983 | Elf:3    | Identified the +3 leather armour "Cudotite" {rElec Dex+7}
 65984 | Elf:3    | Identified the +1 spear of Fumixuhun {heavy, rC+ rCorr}
 66063 | Elf:3    | Identified the +1 short sword "Goblin's Bane" {heavy, rN+
                  | Str+6 Int-3 Dex+3}
 66114 | Elf:3    | Identified the staff of fire "Jykhumi" {rF+ rCorr}
 66517 | Vaults:1 | Entered Level 1 of the Vaults
 66518 | Vaults:1 | Paralysed by a great orb of eyes for 2 turns
 66534 | Vaults:1 | Received a gift from Sif Muna
 66583 | Vaults:1 | Got Sif Muna's Tractate on the Evolving Swarm {god gift}
 66777 | Vaults:1 | Found Koewn's Assorted Antiques.
 66893 | Vaults:1 | Bought a potion of haste for 220 gold pieces
 66903 | Vaults:1 | Found Jubadook's Distillery.
 66927 | Vaults:1 | Bought a potion of heal wounds for 80 gold pieces
 66927 | Vaults:1 | Bought 2 potions of curing for 96 gold pieces
 66927 | Vaults:1 | Bought a potion of brilliance for 64 gold pieces
 66932 | Vaults:1 | Found Hachafek's Antique Weapon Boutique.
 67129 | Vaults:1 | Gained mutation: A powerful demonic guardian rushes to your
                  | aid. [demonic ancestry]
 67129 | Vaults:1 | Reached XP level 20. HP: 132/164 MP: 32/32
 67676 | Vaults:2 | Found a staircase to the Crypt.
 67787 | Vaults:2 | Received a gift from Sif Muna
 68114 | Vaults:2 | Found Ahiec's Jewellery Shoppe.
 68793 | Vaults:3 | Learned a level 2 spell: Wereblood
 68795 | Vaults:3 | Upgraded the game from 0.31-a0-174-g85c54bcb58 to
                  | 0.31-a0-182-gc5ef74bbde
 68906 | Vaults:3 | Upgraded the game from 0.31-a0-182-gc5ef74bbde to
                  | 0.31-a0-187-gba352fbbf7
 68943 | Vaults:3 | Received a gift from Sif Muna
 68944 | Vaults:3 | Got Sif Muna's Tome of the Assorted Souls {god gift}
 68957 | Vaults:3 | Reached skill level 10 in Unarmed Combat
 69051 | Vaults:3 | Identified the +2 ring mail of Fiod {+Blink Int+8 Slay+2}
 70500 | Vaults:4 | Reached XP level 21. HP: 169/174 MP: 33/33
 70814 | Vaults:4 | Received a gift from Sif Muna
 70825 | Vaults:4 | Got Sif Muna's Directory of Hurting and the Boggart {god
                  | gift}
 70846 | Vaults:5 | Entered Level 5 of the Vaults
 71047 | Vaults:5 | Got a silver rune of Zot
 71050 | Vaults:5 | Noticed Boris
 71061 | Vaults:5 | Noticed a golden dragon
 71076 | Vaults:5 | Killed a golden dragon
 71121 | Vaults:5 | Gained mutation: You occasionally lose the ability to drink
                  | potions when taking damage. [a cacodemon]
 71122 | Vaults:5 | Killed Boris
 71144 | Vaults:5 | Identified the +3 trident of Compulsion {flame, rCorr}
 71150 | Vaults:5 | Noticed a golden dragon
 71155 | Vaults:5 | Killed a golden dragon
 71162 | Vaults:5 | Reached ****** piety under Sif Muna
 71286 | Vaults:5 | Noticed Frederick
 71296 | Vaults:5 | Noticed a caustic shrike
 71299 | Vaults:5 | Killed Frederick
 71306 | Vaults:5 | Noticed Mennas
 71306 | Vaults:5 | Noticed a golden dragon
 71306 | Vaults:5 | Noticed a dread lich
 71310 | Vaults:5 | Killed a caustic shrike
 71317 | Vaults:5 | Killed a golden dragon
 71322 | Vaults:5 | Killed a dread lich
 71322 | Vaults:5 | Killed Mennas
 71332 | Vaults:5 | Received a gift from Sif Muna
 71333 | Vaults:5 | Got Sif Muna's Volume of Frigid Exhalation {god gift}
 71342 | Vaults:5 | Identified the +9 great sword of Gallantry {freeze, Int+2
                  | Dex-2 SInv Stlth+}
 71444 | Vaults:5 | Identified the +3 ring mail of Wu Jian's Approval {Int-5
                  | Dex+4 Slay+3 Stlth+}
 71467 | Vaults:5 | Noticed a golden dragon
 71474 | Vaults:5 | Killed a golden dragon
 71519 | Vaults:5 | Identified the +0 ring mail "Hero's Friend" {Rampage +Inv
                  | rC- Will++ rCorr}
 71528 | Vaults:5 | Identified the staff "Xeos Qio" {rElec rN++ Str+3 Stlth-
                  | Earth}
 71597 | Vaults:5 | Noticed an ancient lich
 71598 | Vaults:5 | Reached XP level 22. HP: 107/184 MP: 34/34
 71819 | Vaults:5 | Killed an ancient lich
 72160 | Vaults:5 | Got Figymone's Catalogue of Blasted Topography
 72164 | Vaults:5 | Identified the +10 double sword "Fenwaohuno" {heavy, Int+3}
 72193 | Vaults:5 | Identified the +1 trident "Hise" {vamp, Will+ Str+4 Int+3}
 72837 | Depths:1 | Entered Level 1 of the Depths
 72876 | Depths:1 | Noticed Boris
 72886 | Depths:1 | Killed Boris
 72925 | Depths:1 | Found a one-way gateway to a ziggurat.
 73010 | Depths:1 | Paralysed by a floating eye for 3 turns
 73023 | Depths:1 | Paralysed by a floating eye for 2 turns
 73030 | Depths:1 | Paralysed by a floating eye for 3 turns
 73033 | Depths:1 | Killed from afar by a frost giant

Illustrated notes

Levels and vault maps discovered:
D:1:      wander_arrival_lonely_grave, layout_loops_ring, kennysheep_minor_cross
D:2:      layout_loops_ring, minmay_door_square
D:3:      layout_loops_corners
D:4:      layout_cave_pools, serial_bayou_pond_b, grunt_decor_mini_mirrors,
          grunt_ministairs_9, hangedman_decor_peaks_small, hex_tiny, uniq_robin,
          uniq_crazy_yiuf_cottage
D:5:      layout_layer_cave, serial_shops, nicolae_stop_n_shop_2,
          kennysheep_generic_room_15, uniq_grinder, uniq_menkaure, uniq_duvessa
D:6:      layout_gridville, minmay_temple_entry_glass, dk_vineyard_2,
          uniq_blork_the_orc
D:7:      layout_basic, minmay_manual_monolith, uniq_maggie
D:8:      layout_basic, uniq_pikel, uniq_joseph
D:9:      layout_roguey
D:10:     layout_long_grid, cheibriados_altar_1, david_orc_3, uniq_urug
D:11:     layout_gridville, due_lair_maze_entry_diamond,
          gammafunk_ghost_wrathful_warriors
D:12:     layout_cave_pools
D:13:     layout_rooms, kennysheep_small_circle, uniq_josephine
D:14:     layout_long_grid, david_vaults_4, trog_three_pillars_becter
D:15:     gammafunk_depths_entry_grave, layout_basic, serial_park_square1
          [serial_park_minivault_5x5_7]
Temple:   nicolae_temple_bog_church
Lair:1:   layout_gridlike
Lair:2:   layout_chaotic_city, minmay_shoals_entry_centaurs,
          nicolae_spider_entry_orb_guardian, portal_ice_cave_rime,
          nzn_masters_of_martial_movement
Lair:3:   layout_gridlike
Lair:4:   layout_regular_city, minmay_slime_entry_oklob_enclosed,
          enter_volcano_3
Lair:5:   hellmonk_lair_end_abyssal_woods, layout_regular_city, uniq_nessos
Shoals:1: layout_shoals, serial_shops, shop
Shoals:2: layout_shoals
Shoals:3: layout_shoals, serial_shops, nicolae_shop_behind_doors, shop,
          nicolae_shop_behind_doors, nicolae_shop_hallway_stairs, uniq_louise
Shoals:4: shoals_end_hellmonk_storm_palace [storm_palace_center_circular,
          storm_palace_corner_narrow, storm_palace_corner_blocked,
          storm_palace_corner_narrow, storm_palace_corner_reverse_hut],
          uniq_aizul
Spider:1: spiders_nest_scorpion_pit
Spider:2: layout_spider_delve, hangedman_spider_tarantella_strand
Spider:3: gammafunk_sealed_arena
Spider:4: hellmonk_spider_rune_bug_friends
Orc:1:    minmay_goldmine, layout_caves, serial_shops, basic_altar
Orc:2:    st_orc_rangers, layout_caves, basic_altar, lightli_orcish_oven
Elf:1:    eino_elf_arrival_sip, layout_geoelf_octagon, serial_shops,
          nicolae_shop_waterfront, hangedman_elf_represent
Elf:2:    elven_hall_of_blades_hangedman_alternative [mumra_blade_entry_dagger],
          layout_gridlike, portal_desolation_entry_ruin,
          amcnicky_mini_corridor_feature, nicolae_shop_gadgets
Elf:3:    elf_hall_gauntlet_narrow, layout_geoelf_castle
Vaults:1: hangedman_vaults_hard_town_square, nicolae_vaults_shrinking_rooms_2,
          v_misc_14, nicolae_vaults_hallways_thing, nicolae_vaults_wrenched,
          vaults_dpeg_diagonal, nicolae_vaults_twisting_passages, v_misc_28,
          grunt_vaults_funnel, grunt_vaults_diagonal,
          nicolae_vaults_offset_grid_hallway_1, layout_vaults_maze
Vaults:2: nicolae_vaults_alarming, v_alt_pattern_3, v_misc_8,
          nicolae_vaults_diagonal_hallway_9, nicolae_vaults_storage_room_water,
          nicolae_vaults_tetromino_Z_1, vaults_room_fours,
          nicolae_vaults_little_squares_6, dpeg_vaults_monster_box,
          nicolae_vaults_little_squares_6, vaults_room_grunt_arrival_checkpoint,
          layout_vaults_omnigrid, minmay_crypt_entry_simple_statues,
          serial_shops, shop
Vaults:3: dpeg_vaults_monster_row, grunt_vaults_focal,
          nicolae_vaults_little_squares_2, nicolae_vaults_house_3,
          nicolae_vaults_diamond_2, v_misc_16,
          nicolae_vaults_offset_grid_hallway_3,
          nicolae_vaults_offset_grid_hallway_4, nicolae_vaults_trapezoid_2,
          grunt_vaults_hallway_short, nicolae_vaults_trapezoid_layered,
          layout_vaults_omnicross
Vaults:4: nicolae_vaults_door_testing_chamber, hangedman_vaults_river_flow,
          nicolae_vaults_puzzle_piece, nicolae_vaults_display_case,
          nicolae_vaults_doubleplus_tesselated, nicolae_vaults_angled_halls,
          v_misc_24, nicolae_vaults_what_the_h, nicolae_vaults_little_squares_1,
          nicolae_vaults_surprise_closet, nicolae_vaults_house_3,
          nicolae_vaults_asterisk, layout_vaults_ring
Vaults:5: serial_shops, uniq_mennas, uniq_frederick, uniq_boris
Depths:1: layout_cave_pools, enter_ziggurat_e, serial_shops,
          nicolae_shop_hallway_plus, abandoned_shop, hell_entry,
          minmay_strange_pillars, minmay_pinched_square

Skill      XL: |  1  2  3  4  5  6  7  8  9 10 11 12 13 14 15 16 17 18 19 20 21 |
---------------+----------------------------------------------------------------+-----
Stealth        | 2 3 |  3.0
Air Magic      | 3 4 5 7 8 10 11 12 13 15 16 17 18 | 18.0
Fighting       | 1 2 3 4 6 7 8 10 11 12 13 15 16 17 18 | 18.0
Spellcasting   | 3 5 7 8 |  8.0
Invocations    | 2 5 8 9 10 13 | 13.4
Dodging        | 3 4 7 9 12 14 | 14.7
Shields        | 4 6 |  6.0
Summonings     | 2 6 |  6.0
Armour         | 4 |  4.0
Transmutations | 6 13 15 16 17 18 | 18.0
Unarmed Combat | 3 7 11 12 | 12.6
Conjurations   | |  1.8

Action                     |  1- 3 |  4- 6 |  7- 9 | 10-12 | 13-15 | 16-18 | 19-21 | 22-24 || total
---------------------------+-------+-------+-------+-------+-------+-------+-------+-------++-------
  Melee: Short sword       |    16 |    14 |       |       |       |       |       |       ||    30
         Kick              |     3 |     7 |    23 |    44 |    99 |   126 |    16 |       ||   318
         Dagger            |       |    10 |       |       |       |       |       |       ||    10
         Headbutt          |       |     2 |    15 |    30 |   176 |    97 |     6 |       ||   326
         Staff             |       |       |    65 |   152 |   559 |   279 |    22 |       ||  1077
         Punch             |       |       |     3 |     1 |       |     3 |    67 |    11 ||    85
         Unarmed           |       |       |       |       |       |   174 |   813 |    78 ||  1065
  Throw: Dart              |       |       |       |     6 |       |       |       |       ||     6
   Cast: Shock             |    60 |   118 |   114 |    24 |     2 |       |       |       ||   318
         Airstrike         |       |       |    54 |   303 |   603 |   749 |     2 |       ||  1711
         Summon Lightning  |       |       |       |    27 |    93 |   105 |     1 |       ||   226
         Chain Lightning   |       |       |       |       |       |     2 |     1 |       ||     3
         Storm Form        |       |       |       |       |       |     7 |    53 |     7 ||    67
         Maxwell's Capacit |       |       |       |       |       |     1 |       |       ||     1
         Wereblood         |       |       |       |       |       |       |     1 |       ||     1
         Dragon's Call     |       |       |       |       |       |       |     1 |       ||     1
 Invoke: Channel Magic     |       |       |       |    15 |     6 |    13 |       |       ||    34
         Divine Exegesis   |       |       |       |       |       |     3 |     2 |       ||     5
Ability: Blinkbolt         |       |       |       |       |       |       |    32 |     1 ||    33
         End Transformatio |       |       |       |       |       |       |     2 |     2 ||     4
  Evoke: Wand              |       |       |     9 |     1 |       |     1 |       |       ||    11
         Phial of floods   |       |       |       |       |     1 |     1 |     2 |       ||     4
         Condenser vane    |       |       |       |       |       |     1 |       |       ||     1
    Use: Scroll            |     3 |     4 |     3 |    10 |    21 |    11 |     1 |       ||    53
         Potion            |       |       |       |     3 |     4 |    13 |     2 |       ||    22
   Stab: Sleeping          |     1 |       |     1 |     1 |       |       |     5 |       ||     8
         Distracted        |       |       |       |       |    12 |     6 |     4 |       ||    22
         Invisible         |       |       |       |       |       |     1 |       |       ||     1
 Armour: Robe              |     2 |     5 |       |       |       |       |       |       ||     7
         Leather armour    |       |     8 |    27 |       |       |       |       |       ||    35
         Skin              |       |       |       |    60 |       |    55 |   147 |    27 ||   289
         Steam dragon scal |       |       |       |    49 |       |     2 |     5 |       ||    56
         Ring mail         |       |       |       |     9 |   325 |   367 |       |       ||   701
  Dodge: Dodged            |     7 |    21 |    72 |   165 |   474 |   930 |  1182 |    55 ||  2906
  Block: Other             |     2 |     9 |    26 |    27 |       |       |       |       ||    64
         Reflection        |       |       |     1 |     2 |    53 |    23 |       |       ||    79
         Buckler           |       |       |       |    97 |   607 |   607 |     9 |       ||  1320

Table legend: (Time is in decaauts)
 A = Elapsed time spent in this place.
 B = Non-inter-level travel time spent in this place.
 C = Inter-level travel time spent in this place.
 D = Time resting spent in this place.
 E = Time spent auto-exploring this place.
 F = Levels seen in this place.
 G = Mean time per level.
                   A        B        C        D        E       F      G
               +--------+--------+--------+--------+--------+-----+--------+
         Total |  73685 |  69400 |   4285 |   6795 |  51682 |  42 | 1754.4 |
       Dungeon |  24066 |  21919 |   2147 |   2633 |  16439 |  15 | 1604.4 |
        Temple |    224 |    217 |      7 |      0 |    176 |   1 |  224.0 |
          Lair |  13757 |  13306 |    451 |   1074 |  10219 |   5 | 2751.4 |
        Shoals |   9541 |   9222 |    319 |   1164 |   6457 |   4 | 2385.2 |
   Spider Nest |  10882 |  10553 |    329 |   1280 |   7928 |   4 | 2720.5 |
  Orcish Mines |   3698 |   3363 |    335 |    251 |   2686 |   2 | 1849.0 |
   Elven Halls |   2718 |   2372 |    346 |      0 |   1775 |   3 |  906.0 |
        Vaults |   5777 |   5429 |    348 |     13 |   4177 |   5 | 1155.4 |
        Depths |    185 |    185 |      0 |      0 |    108 |   1 |  185.0 |
      Ice Cave |   2053 |   2053 |      0 |    380 |   1244 |   1 | 2053.0 |
    Desolation |    779 |    779 |      0 |      0 |    472 |   1 |  779.0 |
               +--------+--------+--------+--------+--------+-----+--------+

Top non-repeatable levels by time:
  Lair:5: 4432 daAuts
  Lair:2: 4394 daAuts
Shoals:2: 3133 daAuts
Spider:4: 3057 daAuts
Spider:1: 2865 daAuts
Spider:3: 2830 daAuts
   Orc:1: 2320 daAuts
Shoals:1: 2259 daAuts
Shoals:4: 2252 daAuts
    D:14: 2175 daAuts
    D:10: 2173 daAuts
Spider:2: 2128 daAuts
  Lair:1: 2063 daAuts
     D:5: 2056 daAuts
   IceCv: 2053 daAuts
